 Dungeon Crawl Stone Soup version 0.16-a0-3940-gf8a207b (console) character file.

312 Fusha the Caller (level 6, -3/25 HPs)
             Began as a Felid Summoner on Feb 7, 2015.
             Was an Initiate of Fedhas.
             Slain by Absynth's ghost (14 damage)
             ... on level 5 of the Dungeon.
             The game lasted 00:12:51 (3899 turns).

Fusha the Caller (Felid Summoner)                   Turns: 3899, Time: 00:12:52

Health: -3/25      AC:  2    Str:  4    XL:     6   Next: 18%
Magic:  10/17      EV: 20    Int: 18    God:    Fedhas [......]
Gold:   131        SH:  0    Dex: 17    Spells: 3 memorised, 5 levels left
                                        Lives:  0   Deaths: 1

rFire  . . .     SeeInvis +       - Unarmed
rCold  . . .     Clarity  .     (armour unavailable)
rNeg   . . .     SustAb   +     (shield unavailable)
rPois  .         Gourm    .     (helmet unavailable)
rElec  .         Spirit   .     (cloak unavailable)
rCorr  .         Warding  .     (gloves unavailable)
rMut   .         Stasis   .     (boots unavailable)
MR     .....                    n - amulet of regeneration
Stlth  +++.......               (no ring)
                                h - ring of sustain abilities

@: very slightly contaminated, quick, not resistant to hostile enchantments,
fairly stealthy
A: paw claws, no armour, no weapons or thrown items, fangs 3, see invisible,
carnivore 3, speed 1, shaggy fur 2, slow metabolism 1
a: Renounce Religion


You were on level 5 of the Dungeon.
You worshipped Fedhas.
Fedhas was noncommittal.
You were completely stuffed.

You visited 2 branches of the dungeon, and saw 6 of its levels.

You collected 131 gold pieces.

Inventory:

Jewellery
 h - a ring of sustain abilities (left paw)
 n - an amulet of regeneration (around neck)
Magical devices
 k - a wand of digging (11)
Scrolls
 e - 5 scrolls of remove curse {unknown}
 f - 2 scrolls of identify {unknown}
 j - a scroll of random uselessness {unknown}
 l - 2 scrolls of teleportation {unknown}
 o - a scroll of blinking {unknown}
Potions
 a - 2 potions of brilliance
 d - a potion of flight {unknown}
 g - 3 potions of restore abilities {unknown}
 m - 3 potions of curing {unknown}
 p - 2 potions of cure mutation {unknown}
 q - a potion of haste {unknown}
Books
 b - a book of Callings

   Spells                             Type                      Level
   a - Summon Small Mammal            Summoning                    1
   b - Call Imp                       Summoning                    2
   c - Call Canine Familiar           Summoning                    3
   d - Summon Guardian Golem          Hexes/Summoning              4
   e - Summon Lightning Spire         Summoning/Air                4
   f - Summon Ice Beast               Ice/Summoning                4
Comestibles
 c - 2 meat rations
 i - a beef jerky


   Skills:
 + Level 1.1 Fighting
 + Level 4.5 Dodging
 + Level 4.1 Stealth
 + Level 2.2 Unarmed Combat
 + Level 3.4 Spellcasting
 + Level 5.4 Summonings


You had 5 spell levels left.
You knew the following spells:

 Your Spells              Type           Power        Failure   Level  Hunger
a - Summon Small Mammal   Summ           ###.         1%          1    None
b - Call Imp              Summ           ###.....     2%          2    ##.....
c - Call Canine Familiar  Summ           ###.....     6%          3    ###....


Dungeon Overview and Level Annotations

Branches:
Dungeon (5/15)             Temple (1/1) D:4

Altars:
Ashenzari
Cheibriados
Fedhas
Gozag
Nemelex Xobeh
Okawaru
Qazlal
Xom

Annotations:
D:5 Absynth's ghost, experienced DsIE


Innate Abilities, Weirdness & Mutations

You cannot wear armour.
You are incapable of wielding weapons or throwing items.
Your paws have sharp claws.
You have razor-sharp teeth.
You have supernaturally acute eyesight.
You are carnivorous and can eat meat at any time.
You cover ground quickly.
You are covered in thick fur (AC +2).
You have a slow metabolism.


Message History

Absynth's ghost is lightly damaged.
Your hound bites Absynth's ghost.
Your crimson imp blinks!
Your crimson imp closely misses Absynth's ghost.
Your hound closely misses Absynth's ghost.
Absynth's ghost misses you.
You scratch Absynth's ghost.
Absynth's ghost is moderately damaged.
Your hound closely misses Absynth's ghost.
Your crimson imp barely misses Absynth's ghost.
Your crimson imp hits Absynth's ghost.
Absynth's ghost hits you!
Ouch! That really hurt!
You swap places.
Your hound barely misses Absynth's ghost.
Your crimson imp barely misses Absynth's ghost.
Your crimson imp closely misses Absynth's ghost.
Absynth's ghost hits you!
Ouch! That really hurt!
You die...
Fedhas appreciates your contribution to the ecosystem.

#......# #######
#..###.# #.....#
#..###.# #.....#
#....#.# #.....#
## #.##.#.#
#.....# #.
#......#
#.....#####.
####.###
###......##.
#.#### ##......##.
#@...###....%..##.
#5Wh...........##.
#..5.###..........
#...## #...#.####.
##### #####P# #.
#.55รท# #. #.####
#. #.# #. ##5## #.


You could see Absynth's ghost, a friendly hound and 2 friendly crimson imps.

Vanquished Creatures
  A hound (D:4)
  A worker ant (D:5)
  Ijyb (D:5)
  An adder (D:5)
  A worm (D:4)
  4 giant geckos
  An orc (D:5)
  9 bats
  2 giant cockroaches
  8 goblins
  4 hobgoblins
  3 kobolds
  2 quokkas (D:2)
  A giant cockroach zombie (D:5)
  4 giant newts
  9 rats
52 creatures vanquished.

Vanquished Creatures (collateral kills)
  An ogre (D:4)
  Sigmund (D:2)
  The ghost of stickyfingers the Vexing, a weakling HuEn (D:3)
  An orc priest (D:4)
  A hound (D:4)
  An iguana (D:4)
  An orc wizard (D:4)
  2 worker ants
  Robin (D:4)
  4 adders
  A giant mite (D:2)
  A giant gecko (D:2)
  An ooze (D:3)
  7 orcs
  2 bats
  9 goblins
  6 hobgoblins
  2 rats
43 creatures vanquished.

Vanquished Creatures (others)
  4 crimson imps
  2 hounds (D:4)
  2 white imps (D:4)
  4 quokkas (D:4)
  3 rats (D:4)
  9 toadstools
24 creatures vanquished.

Grand Total: 119 creatures vanquished

Notes
Turn   | Place    | Note
--------------------------------------------------------------
     0 | D:1      | Fusha, the Felid Summoner, began the quest for the Orb.
     0 | D:1      | Reached XP level 1. HP: 7/7 MP: 4/4
   302 | D:1      | Reached XP level 2. HP: 9/11 MP: 5/5
   311 | D:1      | Learned a level 2 spell: Call Imp
  1064 | D:2      | Reached XP level 3. HP: 3/14 MP: 0/8
  1100 | D:2      | Noticed Sigmund
  1108 | D:2      | Killed Sigmund
  1108 | D:2      | Reached skill level 1 in Unarmed Combat
  1108 | D:2      | Reached XP level 4. HP: 6/18 MP: 1/10
  1402 | D:2      | Reached skill level 1 in Fighting
  1967 | D:3      | Noticed stickyfingers' ghost (weakling HuEn)
  1979 | D:3      | Killed stickyfingers' ghost
  2084 | D:3      | Reached XP level 5. HP: 22/22 MP: 10/12
  2214 | D:4      | Found a staircase to the Ecumenical Temple.
  2245 | Temple   | Entered the Ecumenical Temple
  2290 | Temple   | Became a worshipper of Fedhas Madash
  2481 | D:4      | Mangled by an orc
  2482 | D:4      | Reached XP level 4. HP: -9/19 MP: 1/11
  2665 | D:4      | Noticed Robin
  2679 | D:4      | Killed Robin
  2684 | D:4      | Learned a level 3 spell: Call Canine Familiar
  2745 | D:4      | Reached skill level 5 in Summonings
  2757 | D:4      | Reached XP level 5. HP: 17/22 MP: 11/13
  3548 | D:4      | Noticed an ogre
  3558 | D:4      | Killed an ogre
  3597 | D:5      | Entered Level 5 of the Dungeon
  3656 | D:5      | Noticed Ijyb
  3684 | D:5      | Killed Ijyb
  3684 | D:5      | Gained mutation: You are covered in thick fur (AC +2). [growing up]
  3684 | D:5      | Reached XP level 6. HP: 18/25 MP: 17/17
  3762 | D:5      | Found an iron altar of Okawaru.
  3837 | D:5      | Noticed Absynth's ghost (experienced DsIE)
  3899 | D:5      | Slain by Absynth's ghost

Action                   |  1- 3 |  4- 6 || total
-------------------------+-------+-------++-------
Melee: Unarmed           |    76 |   131 ||   207
 Cast: Call Imp          |     5 |    31 ||    36
       Summon Small Mamm |     1 |    12 ||    13
       Call Canine Famil |       |     9 ||     9
  Use: Scroll            |       |     1 ||     1
       Potion            |       |     1 ||     1
 Stab: Sleeping          |     2 |    14 ||    16
  Eat: Chunk             |     8 |    12 ||    20
